 Dungeon Crawl Stone Soup version 0.29-a0-414-g5075937ec3 (webtiles) character file.

Game seed: 15700452123112960338

23 croobank the Covert (level 2, 0/29 HPs)
             Began as a Gnoll Delver on May 15, 2022.
             Slain by a jelly (2 damage)
             ... on level 3 of the Dungeon.
             The game lasted 00:07:25 (470 turns).

croobank the Covert (Gnoll Delver)                   Turns: 470, Time: 00:07:26

Health: 0/29       AC: -7    Str: 11    XL:     2   Next: 95%
Magic:  2/2        EV: 13    Int:  9    God:
Gold:   35         SH:  0    Dex: 13    Spells: 2/2 levels left

rFire   . . .      SeeInvis .   f - +0 dagger
rCold   . . .      Faith    .   (no shield)
rNeg    . . .      Spirit   .   b - +0 leather armour
rPois   .          Reflect  .   e - +0 helmet
rElec   .          Harm     .   (no cloak)
rCorr   .          Rampage  .   (no gloves)
Will    .....                   (no boots)
Stlth   ++++......              d - amulet of regeneration
HPRegen 0.89/turn               (no ring)
MPRegen 0.08/turn               (no ring)

@: corroded
A: fangs 1, strong nose, distributed training
a: no special abilities


You were on level 3 of the Dungeon.
You visited 1 branch of the dungeon, and saw 4 of its levels.

You collected 35 gold pieces.

Inventory:

Hand Weapons
 a - a +0 hand axe
 f - a +0 dagger (weapon)
 h - a +0 rapier
Missiles
 i - 16 stones (quivered)
Armour
 b - a +0 leather armour (worn)
 e - a +0 helmet (worn)
Jewellery
 d - an amulet of regeneration (around neck)
Wands
 g - a wand of digging (1)
Scrolls
 c - a scroll of fog


   Skills:
 + Level 6.5 Fighting
 + Level 0.5 Short Blades
 + Level 0.5 Long Blades
 + Level 4.5 Axes
 + Level 0.5 Maces & Flails
 + Level 0.5 Polearms
 + Level 0.5 Staves
 + Level 0.5 Slings
 + Level 0.5 Bows
 + Level 0.5 Crossbows
 + Level 0.5 Throwing
 + Level 0.5 Armour
 + Level 4.5 Dodging
 + Level 9.5 Stealth
 + Level 0.5 Shields
 + Level 0.5 Unarmed Combat
 + Level 0.5 Spellcasting
 + Level 0.4 Conjurations
 + Level 0.4 Hexes
 + Level 0.4 Summonings
 + Level 0.4 Necromancy
 + Level 0.4 Translocations
 + Level 0.4 Transmutations
 + Level 0.4 Fire Magic
 + Level 0.4 Ice Magic
 + Level 0.4 Air Magic
 + Level 0.4 Earth Magic
 + Level 0.4 Poison Magic
 + Level 0.7 Invocations
 + Level 0.5 Evocations


You had 2 spell levels left.
You didn't know any spells.
Your spell library contained the following spells:

 Spells                   Type           Power      Damage    Failure   Level
 Shock                    Conj/Air       0%         1d3       41%         1
 Swiftness                Air            0%         N/A       78%         3
 Airstrike                Air            0%         N/A       99%         4


Dungeon Overview and Level Annotations

Branches:
Dungeon (5/15)
 Temple: D:4-7

Altars:

Shops:
D:3 !   D:5 *

Annotations:
D:3 Grinder


Innate Abilities, Weirdness & Mutations

You have very sharp teeth.
Your uncanny sense of smell can sniff out nearby items.
Your experience applies equally to all skills.


Message History

The adder misses you. The adder attacks as you move away!
The adder bites you but does no damage.
You hit the adder.
The adder is severely wounded.
The adder misses you.
The jelly jiggles.
The adder completely misses you.
You hit the adder but do no damage.
The adder is severely wounded.
The adder closely misses you.
You hit the adder.
You kill the adder!
The jelly attacks as you move away! The jelly closely misses you.
A ball python comes into view.
You aren't carrying any potions.
You hit the jelly.
Your hands burn!
The jelly is lightly wounded.
The jelly hits you but does no damage.
You hit the jelly.
Your hands burn!
The jelly is moderately wounded.
The jelly closely misses you.
You hit the jelly. The acid corrodes you!
Your hands burn!
The jelly is heavily wounded.
The jelly barely misses you.
Okay, then.
You hit the jelly.
Your hands burn!
The jelly is heavily wounded.
The jelly hits you. The acid corrodes you!
You are splashed with acid!
You hit the jelly but do no damage.
Your hands burn!
The jelly is heavily wounded.
The jelly barely misses you.
You hit the jelly.
Your hands burn!
The jelly is severely wounded.
The jelly hits you.
* * * LOW HITPOINT WARNING * * *
The acid corrodes you!
You are splashed with acid.
* * * LOW HITPOINT WARNING * * *
You are too injured to fight recklessly!
The jelly attacks as you move away! The jelly hits you.
You die...

#..#.. ∆ #..#.# .
#>.#.#######S . ###
#............ .#...#
#..#.######.# >.5...
####.......###.##
#.##.#
................##
#.##.#
......#.#.#.##...#
#.##.# ####.##..###.#@#
# #####.##.### #.##.##
##J.+ +.#....)....J. #.
#..# #w#.#
#..........###
#.#.#.......##.###.####
#.##.###g...# #.#
#........#..# #.# ###
#.#####.###.##.###.#
#.. # #.# #. #.......##
#.# #.##.#####..J
....####.###.#


You could see a worm, a jelly, a hobgoblin (asleep) and a ball python.

Vanquished Creatures
  2 adders (D:3)
  A bat (D:2)
  A goblin (D:4)
  A quokka (D:2)
  A kobold (D:2)
6 creatures vanquished.

Notes
Turn   | Place    | Note
-------+----------+-------------------------------------------
     0 | D:5      | Reached skill level 9 in Stealth
     0 | D:5      | croobank the Gnoll Delver began the quest for the Orb.
     0 | D:5      | Reached XP level 1. HP: 23/23 MP: 1/1
    25 | D:5      | Noticed an ogre
    67 | D:5      | Found Vamayttea's Assorted Antiques.
   217 | D:4      | Noticed a jelly
   262 | D:3      | Noticed Grinder
   341 | D:2      | You fall into a shaft and drop 2 floors!
   349 | D:4      | Noticed a hound
   389 | D:3      | Reached XP level 2. HP: 11/29 MP: 2/2
   435 | D:3      | Found Akhyac's Distillery.
   470 | D:3      | Slain by a jelly

Illustrated notes

Levels and vault maps discovered:
D:2:      layout_basic
D:3:      layout_loops_ring, serial_shops, shop_fountains,
          nicolae_shop_behind_doors, nicolae_shop_bloodbath_and_beyond,
          minivault_5, uniq_grinder
D:4:      layout_basic, minmay_temple_entry_slanted, uniq_blork_the_orc,
          uniq_menkaure, uniq_robin
D:5:      layout_basic, lemuel_doored_altar, nicolae_uskayaw_en_pointe,
          nicolae_stop_n_shop_1, minmay_fractal_squares_gapless_5

Skill      XL: | |
---------------+-+-----
Stealth        | |  9.5
Fighting       | |  6.5
Short Blades   | |  0.5
Long Blades    | |  0.5
Axes           | |  4.5
Maces & Flails | |  0.5
Polearms       | |  0.5
Staves         | |  0.5
Slings         | |  0.5
Bows           | |  0.5
Crossbows      | |  0.5
Throwing       | |  0.5
Armour         | |  0.5
Dodging        | |  4.5
Shields        | |  0.5
Unarmed Combat | |  0.5
Spellcasting   | |  0.5
Conjurations   | |  0.4
Hexes          | |  0.4
Summonings     | |  0.4
Necromancy     | |  0.4
Translocations | |  0.4
Transmutations | |  0.4
Fire Magic     | |  0.4
Ice Magic      | |  0.4
Air Magic      | |  0.4
Earth Magic    | |  0.4
Poison Magic   | |  0.4
Invocations    | |  0.7
Evocations     | |  0.5

Action                   || total
-------------------------++-------
Melee: Dagger            ||    31
       Hand axe          ||    17
       Bite              ||     2
       Punch             ||     1
Evoke: Wand              ||     2
  Use: Scroll            ||     3
       Potion            ||     1
 Stab: Sleeping          ||     2
Armor: Leather armour    ||    14
Dodge: Dodged            ||    51

Table legend: (Time is in decaauts)
 A = Elapsed time spent in this place.
 B = Non-inter-level travel time spent in this place.
 C = Inter-level travel time spent in this place.
 D = Time resting spent in this place.
 E = Time spent auto-exploring this place.
 F = Levels seen in this place.
 G = Mean time per level.
                   A        B        C        D        E       F      G
               +--------+--------+--------+--------+--------+-----+--------+
         Total |    457 |    457 |      0 |    126 |      9 |   4 |  114.2 |
       Dungeon |    457 |    457 |      0 |    126 |      9 |   4 |  114.2 |
               +--------+--------+--------+--------+--------+-----+--------+

Top non-repeatable levels by time:
     D:5: 217 daAuts
     D:3: 122 daAuts
     D:2: 59 daAuts
     D:4: 58 daAuts
